 Dungeon Crawl Stone Soup version bcrawl-1.31.5 (webtiles) character file.

Game seed: 13885389727581720254

145482 MisterOstroum the Firebug (level 5, -1/38 HPs)
             Began as a Demonspawn Fire Elementalist on June 5, 2021.
             Slain by a centaur (7 damage)
             ... on level 3 of the Dungeon.
             The game lasted 00:08:24 (2719 turns).

MisterOstroum the Firebug (DsFE)                    Turns: 2719, Time: 00:08:25

Health: -1/38      AC:  2    Str:  8    XL:     5   Next: 34%
Magic:  0/8        EV: 13    Int: 18    God:
Gold:   65         SH:  0    Dex: 13    Spells: 3/9 levels left

rFire    . . .     SeeInvis .   a - +0 dagger
rCold    . . .     Gourm    .   (no shield)
rNeg     . . .     Faith    .   d - +0 robe
rPois    +         Spirit   +   (no helmet)
rElec    .         Reflect  .   (no cloak)
rCorr    .         Harm     .   (no gloves)
MR       .....                  (no boots)
Stlth    +++.......             (no amulet)
HPRegen  0.12/turn              f - +1 ring of evasion
MPRegen  0.11/turn              g - ring of poison resistance

@: no status effects
A: nightstalker 1, magic shield
a: no special abilities


You were on level 3 of the Dungeon.
You were hungry.

You visited 1 branch of the dungeon, and saw 3 of its levels.

You collected 65 gold pieces.

Inventory:

Hand Weapons
 a - a +0 dagger (weapon)
 b - a +0 spear
 j - a +0 club
 m - a +0 whip
 p - a +0 scimitar
 u - a +0 rapier
Missiles
 c - 319 stones (quivered)
 q - 67 poisoned needles
 r - 99 bolts
 C - 144 arrows
Armour
 d - a +0 robe (worn)
 h - a +0 leather armour
 B - a +0 pair of boots
Jewellery
 f - a +1 ring of evasion (left hand)
 g - a ring of poison resistance (right hand)
 y - an uncursed amulet of magic regeneration {unknown}
Scrolls
 i - a scroll of identify {@r1}
 k - a scroll of immolation {unknown}
 n - 3 scrolls of teleportation {unknown}
 t - a scroll of remove curse {unknown}
 v - a scroll of magic mapping {unknown}
 x - a scroll of blinking {unknown}
 A - a scroll of fog {unknown}
Potions
 l - a potion of invisibility {unknown}
 o - a potion of curing {@q1 !q}
 s - a potion of flight {unknown}
 w - a potion of cancellation
Comestibles
 e - 6 rations {!d}
 z - 10 chunks of flesh


   Skills:
 - Level 2.0 Fighting
 + Level 2.0 Dodging
 - Level 3.0 Stealth
 + Level 2.5 Spellcasting
 * Level 2.5 Conjurations
 * Level 3.6 Fire Magic


You had 3 spell levels left.
You knew the following spells:

 Your Spells              Type           Power        Failure   Level  Hunger
a - Flame Tongue          Conj/Fire      ##...        4%          1    None
b - Flaming Arrows        Chrm/Fire      #.......     12%         2    ##.....
c - Conjure Flame         Conj/Fire      ##......     14%         3    ####...

Your spell library contained the following spells:

 Spells                   Type           Power        Failure   Level  Hunger
 Inner Flame              Hex/Fire       N/A          24%         3    ####...
 Sticky Flame             Conj/Fire      ##......     43%         4    ######.
 Fireball                 Conj/Fire      ##........   80%         5    #######


Dungeon Overview and Level Annotations

Branches:
Dungeon (3/12)

Altars:
Cheibriados
Qazlal
Xom
Zin


Innate Abilities, Weirdness & Mutations

You are slightly more attuned to the shadows.
When hurt, damage is shared between your health and your magic reserves.


Message History

Aiming: Flame Tongue (safe; 4% risk of failure)
Press: ? - help, Shift-Dir - straight line, f - orc
Aim: an orc, wielding a +0 whip and wearing a +0 ring mail You miscast Flame Tongue.
You are very lightly contaminated with residual magic.
Nothing appears to happen.
The orc barely misses you.
There is an open door here.
You see here a goblin skeleton.
Casting: Flame Tongue (safe; 4% risk of failure)
Confirm with . or Enter, or press ? or * to list all spells.
Aiming: Flame Tongue (safe; 4% risk of failure)
Press: ? - help, Shift-Dir - straight line, f/p - orc
Aim: an orc, wielding a +0 whip and wearing a +0 ring mail The flame tongue hits the orc!
You kill the orc!
The orc closely misses you.
Casting: Flame Tongue (safe; 4% risk of failure)
Confirm with . or Enter, or press ? or * to list all spells.
Aiming: Flame Tongue (safe; 4% risk of failure)
Press: ? - help, Shift-Dir - straight line, f - orc
Aim: an orc, wielding a +0 trident and wearing a +0 leather armour The flame tongue hits the orc.
The orc is heavily wounded.
The orc hits you from afar with a +0 trident.
Your magical contamination has completely faded away.
Casting: Flame Tongue (safe; 4% risk of failure)
Confirm with . or Enter, or press ? or * to list all spells.
Aiming: Flame Tongue (safe; 4% risk of failure)
Press: ? - help, Shift-Dir - straight line, f/p - orc
Aim: an orc, wielding a +0 trident and wearing a +0 leather armour (heavily wounded)
The flame tongue hits the orc.
The orc is almost dead.
The orc misses you. The orc hits you but does no damage.
Things that are here:
a +0 whip; a +0 ring mail; an orc corpse
Casting: Flame Tongue (safe; 4% risk of failure)
Confirm with . or Enter, or press ? or * to list all spells.
Aiming: Flame Tongue (safe; 4% risk of failure)
Press: ? - help, Shift-Dir - straight line, f/p - orc
Aim: an orc, wielding a +0 trident and wearing a +0 leather armour (almost dead)
The flame tongue hits the orc!
You kill the orc!
The centaur wields a +0 shortbow.
The centaur shoots an arrow.
The arrow hits you!
The centaur unwields a +0 shortbow.
The centaur hits you.
Things that are here:
a +0 trident; a +0 leather armour; an orc corpse
Casting: Flame Tongue (safe; 4% risk of failure)
Confirm with . or Enter, or press ? or * to list all spells.
Aiming: Flame Tongue (safe; 4% risk of failure)
Press: ? - help, Shift-Dir - straight line, f - centaur
Aim: a centaur, quivering 142 arrows The flame tongue hits the centaur.
The centaur is lightly wounded.
The centaur misses you.
The centaur hits you but does no damage.
Casting: Flame Tongue (safe; 4% risk of failure)
Confirm with . or Enter, or press ? or * to list all spells.
Aiming: Flame Tongue (safe; 4% risk of failure)
Press: ? - help, Shift-Dir - straight line, f/p - centaur
Aim: a centaur, quivering 142 arrows (lightly wounded)
The flame tongue hits the centaur.
The centaur is lightly wounded.
The centaur hits you!
Casting: Flame Tongue (safe; 4% risk of failure)
Confirm with . or Enter, or press ? or * to list all spells.
Aiming: Flame Tongue (safe; 4% risk of failure)
Press: ? - help, Shift-Dir - straight line, f/p - centaur
Aim: a centaur, quivering 142 arrows (lightly wounded)
The flame tongue misses the centaur.
The flame tongue hits the giant cockroach!
You kill the giant cockroach!
The centaur hits you but does no damage.
The centaur hits you.
You hit the centaur.
The centaur is moderately wounded.
The centaur closely misses you.
Okay, then.
As you read the scroll of identify {@r1}, it crumbles to dust.
o - 2 potions of curing The centaur closely misses you.
The centaur hits you.
* * * LOW HITPOINT WARNING * * *
You feel better. The centaur closely misses you.
You hit the centaur but do no damage.
The centaur is moderately wounded.
You are feeling hungry.
The centaur hits you!
* * * LOW HITPOINT WARNING * * *
The centaur barely misses you.
Okay, then.
Unknown command.
It was a potion of cancellation.
You feel magically purged. The centaur closely misses you.
You hit the centaur but do no damage.
The centaur is moderately wounded.
The centaur hits you.
* * * LOW HITPOINT WARNING * * *
The centaur hits you!
You die...

###.....÷.......###.##...#..
#...>....÷#.).......#......#
#...................#...#..#
#......##.#.#......##......#
#......##o#÷.......####.....
#......'c.#........# ##.#.#
......c####o#......# #....
...[.o....#c#.#.#+## ##..#
.....c###.#@#.#...# #....
....). #)#...### #...#
...... #.###.# ####.#>.
...... #÷# #.# #....###
...... #.###.#####.####
#...#.......# ###.#########
#.# ######.#


You could see a centaur and an orc.

Vanquished Creatures
  A hound (D:2)
  An orc priest (D:3)
  A gnoll (D:1)
  2 adders
  3 worms (D:2)
  2 dart slugs (D:2)
  5 leopard geckos
  5 orcs (D:3)
  A ball python (D:1)
  7 bats
  6 giant cockroaches
  10 goblins
  5 hobgoblins
  6 jackals
  3 frilled lizards (D:1)
  5 kobolds
  8 rats
71 creatures vanquished.

Notes
Turn   | Place    | Note
-------+----------+-------------------------------------------
     0 | D:1      | MisterOstroum the Demonspawn Fire Elementalist began the
                  | quest for the Orb.
     0 | D:1      | Reached XP level 1. HP: 13/13 MP: 3/3
    80 | D:1      | Reached skill level 1 in Fighting
   177 | D:1      | Gained mutation: When hurt, damage is shared between your
                  | health and your magic reserves. [demonic ancestry]
   177 | D:1      | Reached XP level 2. HP: 21/21 MP: 1/5
   184 | D:1      | Learned a level 2 spell: Flaming Arrows
   773 | D:1      | Reached XP level 3. HP: 26/26 MP: 4/6
   985 | D:2      | Learned a level 3 spell: Conjure Flame
  1365 | D:2      | Found a snail-covered altar of Cheibriados.
  1411 | D:2      | Gained mutation: You are slightly more attuned to the
                  | shadows. [demonic ancestry]
  1411 | D:2      | Reached XP level 4. HP: 25/33 MP: 2/7
  1503 | D:2      | Found a faded altar of an unknown god.
  1833 | D:2      | Found a stormy altar of Qazlal.
  2295 | D:3      | Reached XP level 5. HP: 26/38 MP: 0/8
  2492 | D:3      | Found a glowing silver altar of Zin.
  2523 | D:3      | Noticed an angel
  2580 | D:3      | Found a shimmering altar of Xom.
  2689 | D:3      | Noticed a centaur
  2719 | D:3      | Slain by a centaur

Skill      XL: |  1  2  3  4  5 |
---------------+----------------+-----
Fighting       | 1 2 |  2.0
Stealth        | 3 |  3.0
Fire Magic     | 3 |  3.6
Conjurations   | 2 |  2.5
Dodging        | 2 |  2.0
Spellcasting   | |  2.5

Action                   |  1- 3 |  4- 6 || total
-------------------------+-------+-------++-------
Melee: Whip              |     8 |       ||     8
       Dagger            |     2 |    19 ||    21
Throw: Stone             |     3 |     8 ||    11
 Cast: Flame Tongue      |    67 |    54 ||   121
       Flaming Arrows    |     1 |       ||     1
       Conjure Flame     |     1 |       ||     1
  Use: Scroll            |     1 |     1 ||     2
       Potion            |       |     2 ||     2
 Stab: Sleeping          |       |     2 ||     2
  Eat: Chunk             |     4 |     5 ||     9
Armor: Robe              |     4 |     6 ||    10
Dodge: Dodged            |    23 |    31 ||    54
